 Dungeon Crawl Stone Soup version 0.26.1-11-gd32895ea62 (webtiles) character file.

Game seed: 15625002060109089242

169 bnorton916 the Conjurer (level 5, -11/28 HPs)
             Began as a Deep Elf Conjurer on July 13, 2021.
             Mangled by an ogre
             ... wielding a +0 giant spiked club
              (25 damage)
             ... on level 4 of the Dungeon.
             The game lasted 00:05:59 (3909 turns).

bnorton916 the Conjurer (Deep Elf Conjurer)         Turns: 3909, Time: 00:06:00

Health: -11/28     AC:  6    Str:  4    XL:     5   Next: 25%
Magic:  10/15      EV: 13    Int: 24    God:
Gold:   208        SH:  0    Dex: 13    Spells: 9/15 levels left

rFire    . . .     SeeInvis .   o - +3 rapier
rCold    . . .     Faith    .   (no shield)
rNeg     . . .     Spirit   .   a - +0 robe
rPois    .         Reflect  .   c - +0 helmet
rElec    .         Harm     .   (no cloak)
rCorr    .         Rampage  .   k - +2 pair of gloves
Will     .....                  (no boots)
Stlth    ++........             (no amulet)
HPRegen  0.09/turn              (no ring)
MPRegen  0.14/turn              (no ring)

@: no status effects
A: no striking features
a: no special abilities


You were on level 4 of the Dungeon.
You visited 1 branch of the dungeon, and saw 4 of its levels.

You collected 208 gold pieces.

Inventory:

Hand Weapons
 o - a +3 rapier (weapon)
Missiles
 b - 27 poisoned darts (quivered)
Armour
 a - a +0 robe (worn)
 c - a +0 helmet (worn)
 k - a +2 pair of gloves (worn)
Jewellery
 d - a +6 ring of strength {unknown}
Wands
 n - a wand of random effects (12)
Potions
 f - 2 potions of curing
 g - 2 potions of might
 h - 2 potions of brilliance
 m - a potion of attraction {unknown}


   Skills:
 - Level 2.4 Dodging
 - Level 2.4 Stealth
 + Level 5.6 Spellcasting
 + Level 6.0 Conjurations


You had 9 spell levels left.
You knew the following spells:

 Your Spells              Type           Power        Failure   Level
a - Magic Dart            Conj           100%         1%          1
b - Searing Ray           Conj           70%          1%          2
c - Dazzling Flash        Conj/Hex       42%          8%          3

Your spell library contained the following spells:

 Spells                   Type           Power        Failure   Level
 Fulminant Prism          Conj/Hex       10%          24%         4
 Iskenderun's Mystic Bla  Conj/Tloc      21%          24%         4


Dungeon Overview and Level Annotations

Branches:
Dungeon (4/15)
 Temple: D:4-7

Altars:
Elyvilon

Annotations:
D:3 2 transporters, NOTTavin's ghost, amateur DrAE


Message History

Press: ? - help, Shift-Dir - straight line, f - ogre
Aim: an ogre, wielding a +0 giant spiked club (0% to evade)
The magic dart hits the ogre.
The ogre is moderately wounded.
The ogre hits you with a +0 giant spiked club!
Ouch! That really hurt!
Casting: Magic Dart (safe; 1% risk of failure)
Confirm with . or Enter, or press ? or * to list all spells.
Aiming: Searing Ray (safe; 1% risk of failure)
Press: ? - help, Shift-Dir - straight line, f/p - ogre
Aim: an ogre, wielding a +0 giant spiked club (moderately wounded, 9% to evade)
The searing ray hits the ogre!
The ogre is heavily wounded. (Press . to maintain the ray.) Unknown command.
The searing ray hits the ogre!
The ogre is almost dead.
The ogre hits you with a +0 giant spiked club!!
Ouch! That really hurt!
You die...

+.........
#........
#.......
#......#
#......#
#......#
#..O...#
#...@..+
#.†....# #..
#......#
#...#......#####
#...#...........
#...#...........
#...####'##.....
#.........+.....
#.........#.....


You could see an ogre.

Vanquished Creatures
  An orc priest (D:3)
  An orc wizard (D:3)
  Robin (D:3)
  2 adders (D:2)
  A worm (D:2)
  A dart slug (D:2)
  2 leopard geckos
  7 orcs
  A ball python (D:1)
  2 giant cockroaches
  17 goblins
  11 hobgoblins
  2 jackals (D:1)
  5 kobolds
  5 bats
  2 frilled lizards
  6 rats
67 creatures vanquished.

Notes
Turn   | Place    | Note
-------+----------+-------------------------------------------
     0 | D:1      | bnorton916 the Deep Elf Conjurer began the quest for the
                  | Orb.
     0 | D:1      | Reached XP level 1. HP: 10/10 MP: 6/6
   199 | D:1      | Reached XP level 2. HP: 15/15 MP: 6/8
   642 | D:1      | Reached skill level 5 in Conjurations
   642 | D:1      | Reached XP level 3. HP: 19/19 MP: 8/10
   980 | D:2      | Learned a level 2 spell: Searing Ray
   984 | D:2      | Learned a level 3 spell: Dazzling Flash
  1320 | D:2      | Found a white marble altar of Elyvilon.
  1785 | D:2      | Reached XP level 4. HP: 23/24 MP: 7/12
  2316 | D:3      | Found a transporter.
  2615 | D:3      | Noticed Robin
  2621 | D:3      | Killed Robin
  2655 | D:3      | Reached skill level 5 in Spellcasting
  2853 | D:3      | HP: 1/24 [orc priest/divine providence (10)]
  3361 | D:3      | Reached XP level 5. HP: 28/28 MP: 9/15
  3521 | D:3      | Reached skill level 6 in Conjurations
  3626 | D:3      | Found a transporter.
  3626 | D:3      | Noticed NOTTavin's ghost (amateur DrAE)
  3903 | D:4      | Noticed an ogre
  3909 | D:4      | Mangled by an ogre

Illustrated notes

Levels and vault maps discovered:
D:1:      nagdon_arrival_zigzag_paths, layout_basic, st_stairs_12
D:2:      layout_loops_ring, elyvilon_altar_1, minmay_misc_feat_cross,
          grunt_decor_fettered, minmay_misc_feat_four_crosses, minmay_tall_x
D:3:      layout_loops_corners, gammafunk_ghost_mausoleum, tgw_xom, uniq_robin
D:4:      layout_gridville, cheibrodos_ashenzari_chains,
          okawaru_altar_gauntlet_db

Skill      XL: |  1  2  3  4  5 |
---------------+----------------+-----
Spellcasting   | 4 5 |  5.6
Conjurations   | 5 6 |  6.0
Dodging        | |  2.4
Stealth        | |  2.4

Action                   |  1- 3 |  4- 6 || total
-------------------------+-------+-------++-------
Melee: Unarmed           |     2 |       ||     2
       Rapier            |       |     8 ||     8
Throw: Dart              |     2 |     1 ||     3
 Cast: Magic Dart        |    88 |    27 ||   115
       Searing Ray       |     1 |     3 ||     4
Evoke: Wand              |       |     1 ||     1
  Use: Scroll            |       |     7 ||     7
 Stab: Sleeping          |       |     1 ||     1
Armor: Robe              |     7 |     5 ||    12
Dodge: Dodged            |    23 |     9 ||    32
